 Dungeon Crawl Stone Soup version 0.18-a0-1157-g59db91b (webtiles) character file.

8451 namelastname112 the Basher (level 11, -10/85 HPs)
             Began as a White Draconian Wanderer on Jan 23, 2016.
             Was a High Priest of Pakellas.
             Killed by divine providence
             ... invoked by an orc priest
              (16 damage)
             ... on level 10 of the Dungeon.
             The game lasted 00:21:42 (12193 turns).

namelastname112 the Basher (DrWn)                  Turns: 12193, Time: 00:21:43

Health: -10/85     AC: 11    Str: 19    XL:     11   Next: 10%
Magic:  18/18      EV: 15    Int: 14    God:    Pakellas [*****.]
Gold:   726        SH:  0    Dex: 11    Spells: 0 memorised, 14 levels left

rFire  + + .     SeeInvis +     x - +3 quarterstaff (chaos)
rCold  + + +     Gourm    .     (armour unavailable)
rNeg   . . .     Faith    +     (shield currently unavailable)
rPois  +         Spirit   .     (helmet restricted)
rElec  +         Dismiss  .     y - +0 cloak
rCorr  +         Reflect  .     T - +2 pair of gloves
SustAt .         Harm     .     (no boots)
MR     +....     Rnd*Rage +     O - amulet of faith
Stlth  +.........               H - ring "Muikal" {MR+ Str+4}
                                I - ring "Beva" {rC+ Dex+3}

@: resistant, very slightly contaminated, invisible, somewhat resistant to
hostile enchantments, very unstealthy
A: breathe frost, unfitting armour, big wings, beak, stinger 1, see invisible,
berserk 1, clumsy 1, cold resistance 1, fire resistance 1, frail 1, high mp 1,
weak 1, cold-blooded, AC +7
a: Breathe Frost, Fly, Quick Charge, Device Surge, Renounce Religion


You were on level 10 of the Dungeon.
You worshipped Pakellas.
Pakellas was extremely pleased with you.
You were near starving.

You visited 1 branch of the dungeon, and saw 10 of its levels.

You collected 726 gold pieces.

Inventory:

Hand Weapons
 b - a +1 short sword of venom
 w - a +1 flail of protection
 x - a +3 quarterstaff of chaos (weapon)
Missiles
 E - 3 throwing nets (quivered)
Armour
 y - a +0 cloak (worn)
 G - a +2 buckler
 T - a +2 pair of gloves (worn)
Rods
 L - a +1 rod of destruction (6/11)
   (Pakellas gifted it to you on level 8 of the Dungeon)
Jewellery
 m - a +6 ring of intelligence
 s - a +2 amulet of reflection
 v - a +4 amulet of reflection
 H - the ring "Muikal" (right hand) {MR+ Str+4}
   (You took it off an orc wizard on level 5 of the Dungeon)

   [ring of strength]

   It affects your strength (+4).
   It affects your resistance to hostile enchantments.
 I - the ring "Beva" (left hand) {rC+ Dex+3}
   (You found it on level 6 of the Dungeon)

   [ring of dexterity]

   It affects your dexterity (+3).
   It protects you from cold.
 O - an amulet of faith (around neck)
 U - a +3 amulet of reflection
Wands
 r - a wand of slowing (31/48)
 B - a wand of cold (2/15)
 D - a wand of draining (9/15)
 J - a wand of cold (6/15)
 N - a wand of lightning (7/15)
Scrolls
 e - a scroll of fear
 h - a scroll of noise
 k - 3 scrolls of enchant weapon
 l - 4 scrolls of teleportation
 q - 3 scrolls of magic mapping
 u - 5 scrolls of remove curse
 K - a scroll of immolation {unknown}
 P - a scroll of summoning
 W - a scroll of identify
Potions
 g - a potion of lignification
 j - 2 potions of haste
 o - a potion of invisibility
 t - a potion of flight
 z - a potion of agility
 A - a potion of cancellation
 C - a potion of resistance
 F - a potion of berserk rage
 R - a potion of poison
Books
 a - a book of Geomancy

   Spells                             Type                      Level
   a - Sandblast                      Earth                        1
   b - Stoneskin                      Transmutation/Earth          2
   c - Passwall                       Transmutation/Earth          3
   d - Stone Arrow                    Conjuration/Earth            3
   e - Petrify                        Transmutation/Earth          4
   f - Lee's Rapid Deconstruction     Earth                        5
 c - the Catalogue of Contamination

   Spells                             Type                      Level
   a - Sting                          Conjuration/Poison           1
   b - Spider Form                    Transmutation/Poison         3
 Q - a Fen Folio

   Spells                             Type                      Level
   a - Corpse Rot                     Necromancy                   2
   b - Stone Arrow                    Conjuration/Earth            3
   c - Leda's Liquefaction            Hexes/Earth                  4
   d - Summon Forest                  Summoning/Translocation      5
   e - Hydra Form                     Transmutation                6
   f - Summon Hydra                   Summoning                    7
 S - a book of Summonings

   Spells                             Type                      Level
   a - Recall                         Summoning/Translocation      3
   b - Aura of Abjuration             Summoning                    5
   c - Summon Demon                   Summoning                    5
   d - Summon Forest                  Summoning/Translocation      5
   e - Summon Mana Viper              Hexes/Summoning              5
   f - Shadow Creatures               Summoning                    6
Miscellaneous
 V - a piece from Xom's chessboard
Comestibles
 d - 9 beef jerkies
 f - 11 bread rations
 n - 13 fruits
 p - 5 meat rations


   Skills:
 + Level 8.5 Fighting
   Level 1.0(7.0) Axes
 * Level 10.9 Maces & Flails
 + Level 7.3 Dodging
 - Level 1.0 Stealth
 - Level 2.0 Spellcasting
   Level 1.7 Hexes
   Level 1.0 Earth Magic
 * Level 7.6 Evocations


You had 14 spell levels left.
You didn't know any spells.

Dungeon Overview and Level Annotations

Branches:
Dungeon (10/15)            Temple (0/1) D:7            Lair (0/8) D:8
    Orc (0/2) D:10

Altars:
Kikubaaqudgha
Makhleb
Pakellas
Qazlal
Sif Muna
Xom
Zin
The Shining One
Beogh


Innate Abilities, Weirdness & Mutations

You can breathe waves of freezing cold.
You can buffet flying creatures when you breathe cold.
Your icy white scales are hard (AC +7).
Your body does not fit into most forms of armour.
Your flesh is cold resistant.
You are cold-blooded and may be slowed by cold attacks.
Your large and strong wings let you fly indefinitely.
You have a beak for a mouth.
Your tail ends in a poisonous barb.
You have supernaturally acute eyesight.
You tend to lose your temper in combat.
You are clumsy. (Dex -2)
Your flesh is heat resistant.
You are frail (-10% HP).
You have an increased reservoir of magic (+10% MP).
You are weak. (Str -2)


Message History

You completely miss the orc. You peck the orc.
The orc is lightly wounded.
The orc barely misses you.
You closely miss the orc. You peck the orc.
You kill the orc!
Pakellas accepts your kill.
You have got your breath back.
You completely miss the orc.
Your attack snaps the orc out of its fear.
Your tail-slap misses the orc.
The orc barely misses you.
The orc priest calls down the wrath of Beogh upon you.
Something smites you!
* * * LOW HITPOINT WARNING * * *
The orc priest shouts!
You sock the orc!
You kill the orc!
Pakellas accepts your kill.
The orc priest calls down the wrath of Beogh upon you.
Something smites you!
You die...

#............#
#.......>....#
#............#
#..........<.#
#............#
#............#
###...(........#
#######(#............#
#.....#@#............#
#....o8)#............#
#..%.ooo.............#
#..⌠.)8.............
#.[.(o#.#..........
#...†.#.#.........
#>._.8#..........
#..o..#..........
#.....#.##.......


You could see 2 orc priests and 4 orcs.

Vanquished Creatures
  Erolcha (D:9)
  The ghost of derval the Poker, a novice MfSk (D:7)
  Prince Ribbit (D:5)
  2 two-headed ogres
  Sigmund (D:6)
  4 wraiths (D:7)
  A wyvern (D:7)
  The ghost of George the Slasher, an amateur MiFi (D:4)
  2 hippogriffs
  Eustachio (D:6)
  2 hungry ghosts (D:8)
  9 orc warriors
  2 ice beasts
  4 sky beasts
  A phantom (D:8)
  3 centaurs
  7 ogres
  3 giant frogs
  A gnoll sergeant (D:5)
  4 scorpions
  14 killer bees
  2 wights (D:7)
  3 crimson imps
  2 giant frog zombies
  A human zombie (D:7)
  A quasit (D:9)
  2 giant frog skeletons (D:8)
  11 orc wizards
  10 orc priests
  Crazy Yiuf (D:3)
  4 hounds
  3 iguanas
  Ijyb (D:2)
  Terence (D:2)
  4 worker ants
  2 hound skeletons
  A mummy (D:7)
  2 worker ant zombies
  15 gnolls
  5 adders
  3 shadow imps
  An ooze (D:3)
  5 worms
  6 giant geckos
  55 orcs
  4 bats
  3 giant cockroaches
  7 goblins
  3 hobgoblins
  19 jackals
  A giant gecko skeleton (D:6)
  5 giant newts
  2 goblin skeletons (D:4)
  A goblin zombie (D:4)
  2 hobgoblin zombies (D:4)
  2 jackal skeletons (D:7)
  12 kobolds
  2 kobold skeletons (D:4)
  2 kobold zombies (D:4)
  4 orc skeletons
  An orc zombie (D:4)
  2 quokka zombies
  11 rats
289 creatures vanquished.

Vanquished Creatures (others)
  An ogre zombie (D:7)
  A white imp (D:7)
  An orc (D:8)
  6 butterflies (D:7)
9 creatures vanquished.

Grand Total: 298 creatures vanquished

Notes
Turn   | Place    | Note
--------------------------------------------------------------
     0 | D:1      | namelastname112 the Draconian Wanderer began the quest for the Orb.
     0 | D:1      | namelastname112 set off with: a book of Geomancy, a potion of curing, the Catalogue of Contamination, a +0 club, a bread ration
     0 | D:1      | Reached XP level 1. HP: 17/17 MP: 3/3
   333 | D:1      | Reached skill level 1 in Maces & Flails
   436 | D:1      | Reached XP level 2. HP: 25/25 MP: 5/5
   849 | D:1      | Reached skill level 1 in Dodging
  1201 | D:2      | Noticed Terence
  1226 | D:2      | Reached XP level 3. HP: 28/30 MP: 6/6
  1257 | D:2      | Noticed Ijyb
  1303 | D:2      | Killed Ijyb
  1330 | D:2      | Killed Terence
  1330 | D:2      | Reached skill level 3 in Fighting
  1330 | D:2      | Reached XP level 4. HP: 13/38 MP: 7/7
  2015 | D:3      | Noticed a centaur
  2222 | D:3      | Killed a centaur
  2222 | D:3      | Reached XP level 5. HP: 13/45 MP: 8/8
  2464 | D:3      | Noticed an angel
  2465 | D:3      | Found a glowing silver altar of Zin.
  2724 | D:3      | Noticed Crazy Yiuf
  2772 | D:3      | Killed Crazy Yiuf
  2772 | D:3      | Reached XP level 6. HP: 36/52 MP: 9/9
  2885 | D:3      | Reached skill level 4 in Fighting
  3725 | D:4      | Noticed George's ghost (amateur MiFi)
  3796 | D:4      | Killed George's ghost
  3796 | D:4      | Reached skill level 5 in Maces & Flails
  3796 | D:4      | Reached XP level 7. HP: 18/60 MP: 10/10
  3796 | D:4      | Your scales start taking on an icy white colour.
  3796 | D:4      | Gained mutation: Your flesh is cold resistant. [White Draconian growth]
  4005 | D:4      | Found a shimmering altar of Xom.
  4006 | D:4      | Found a shimmering altar of Xom.
  4015 | D:4      | Found a shimmering altar of Xom.
  4015 | D:4      | Found a shimmering altar of Xom.
  4016 | D:4      | Found a shimmering altar of Xom.
  4016 | D:4      | Found a shimmering altar of Xom.
  4016 | D:4      | Found a shimmering altar of Xom.
  4098 | D:4      | Found a glowing golden altar of the Shining One.
  4714 | D:5      | Entered Level 5 of the Dungeon
  4727 | D:5      | Reached skill level 5 in Fighting
  4999 | D:5      | Reached skill level 6 in Maces & Flails
  5330 | D:5      | Noticed Prince Ribbit
  5351 | D:5      | Killed Prince Ribbit
  5351 | D:5      | Reached XP level 8. HP: 21/69 MP: 11/11
  5626 | D:5      | Got a brightly glowing pewter ring
  5643 | D:5      | Reached skill level 7 in Maces & Flails
  5891 | D:5      | Reached skill level 5 in Dodging
  5895 | D:5      | Gained mutation: You are clumsy. (Dex -2) [mutagenic meat]
  5896 | D:5      | Gained mutation: Your flesh is heat resistant. [mutagenic meat]
  5897 | D:5      | Gained mutation: You are weak. (Str -2) [mutagenic meat]
  5898 | D:5      | Gained mutation: Your tail ends in a poisonous barb. [mutagenic meat]
  5899 | D:5      | Gained mutation: You are frail (-10% HP). [mutagenic meat]
  5900 | D:5      | Gained mutation: You tend to lose your temper in combat. [mutagenic meat]
  5901 | D:5      | Identified the ring "Muikal" {MR+ Str+4} (You took it off an orc wizard on level 5 of the Dungeon)
  6289 | D:6      | Noticed Sigmund
  6298 | D:6      | Killed Sigmund
  6443 | D:6      | Found an oddly glowing altar of Pakellas.
  6460 | D:6      | Became a worshipper of Pakellas the Inventive
  6510 | D:6      | Reached skill level 8 in Maces & Flails
  6657 | D:6      | Got a translucent granite ring
  6676 | D:6      | Identified the ring "Beva" {rC+ Dex+3} (You found it on level 6 of the Dungeon)
  6704 | D:6      | Reached XP level 9. HP: 54/69 MP: 12/12
  6978 | D:6      | Noticed Eustachio
  6996 | D:6      | Killed Eustachio
  7061 | D:7      | Found a staircase to the Ecumenical Temple.
  7066 | D:7      | Found a stormy altar of Qazlal.
  7186 | D:7      | Reached * piety under Pakellas
  7882 | D:7      | Noticed derval's ghost (novice MfSk)
  7895 | D:7      | Reached ** piety under Pakellas
  7895 | D:7      | Received a gift from Pakellas
  7895 | D:7      | Reached skill level 9 in Maces & Flails
  7915 | D:7      | Killed derval's ghost
  8461 | D:7      | Reached skill level 5 in Evocations
  8465 | D:7      | Gained mutation: You have an increased reservoir of magic (+10% MP). [mutagenic meat]
  8466 | D:7      | Gained mutation: You have supernaturally acute eyesight. [mutagenic meat]
  8469 | D:7      | Gained mutation: You have a beak for a mouth. [mutagenic meat]
  8470 | D:7      | Gained mutation: Your large and strong wings let you fly indefinitely. [mutagenic meat]
  8495 | D:7      | Reached XP level 10. HP: 26/77 MP: 15/15
  8909 | D:7      | Found an ancient bone altar of Kikubaaqudgha.
  9166 | D:7      | Found a deep blue altar of Sif Muna.
  9537 | D:8      | Reached *** piety under Pakellas
  9546 | D:8      | Reached skill level 10 in Maces & Flails
 10265 | D:8      | Found a staircase to the Lair.
 10544 | D:8      | Found a burning altar of Makhleb.
 10813 | D:8      | Reached **** piety under Pakellas
 10813 | D:8      | Received a gift from Pakellas
 11695 | D:9      | Noticed Erolcha
 11736 | D:9      | Killed Erolcha
 11736 | D:9      | Reached XP level 11. HP: 59/85 MP: 16/18
 11763 | D:9      | Identified a +1 rod of destruction (11/11) (Pakellas gifted it to you on level 8 of the Dungeon)
 12108 | D:10     | Entered Level 10 of the Dungeon
 12133 | D:10     | Found a roughly hewn altar of Beogh.
 12134 | D:10     | Found a staircase to the Orcish Mines.
 12156 | D:10     | HP: 4/85 [poison (a potion of poison)]
 12172 | D:10     | Reached ***** piety under Pakellas
 12193 | D:10     | Killed from afar by an orc priest

Vault maps used:
D:1:      ncdulo_lavacross, nrook_uturn, minmay_fountain_box
D:2:      uniq_terence, uniq_iyjb
D:3:      zin_angel, first_bread, serial_bayou_pond_b, kennysheep_minor_cross,
          uniq_crazy_yiuf_cottage
D:4:      xom_redecorated, nicolae_tso_besieged_by_evil
D:5:      minivault_14, uniq_prince_ribbit1
D:6:      overflow_temple_1_default, uniq_eustachio, uniq_sigmund
D:7:      kennysheep_orc_sif_temple, lemuel_mausoleum_altar_kikubaaqudgha,
          grunt_qazlal_clouds, minmay_temple_entry_butterflies, grunt_ogre_cave,
          lightli_orcish_oven
D:8:      lightli_temple_of_fire, lair_0_dummy
D:9:      uniq_erolcha
D:10:     david_orc_5, serial_shops, shop, lemuel_jelly_drop, uniq_fannar

Action                   |  1- 3 |  4- 6 |  7- 9 | 10-12 || total
-------------------------+-------+-------+-------+-------++-------
Melee: Club              |    90 |       |       |       ||    90
       Mace              |    51 |    47 |       |       ||    98
       Short sword       |       |    49 |       |       ||    49
       Quarterstaff      |       |    58 |   379 |   314 ||   751
 Abil: Breathe Frost     |       |       |    10 |     7 ||    17
Evoke: Wand              |       |       |     9 |       ||     9
       Rod               |       |       |       |     4 ||     4
  Use: Potion            |     2 |     1 |     1 |     7 ||    11
       Scroll            |       |       |    16 |     5 ||    21
 Stab: Paralysed         |       |     2 |     2 |     1 ||     5
       Petrifying        |       |       |     2 |     1 ||     3
       Sleeping          |       |       |     1 |     2 ||     3
       Petrified         |       |       |       |     1 ||     1
       Invisible         |       |       |       |     4 ||     4
  Eat: Chunk             |     1 |     8 |    30 |     5 ||    44
       Meat ration       |       |       |       |     2 ||     2
       Pizza             |       |       |       |     2 ||     2
